 Dungeon Crawl Stone Soup version 0.30-a0-1161-g0704695555 (webtiles) character file.

Game seed: 7654301454698715532

709 funkygono the Chopper (level 7, -2/61 HPs)
             Began as a Minotaur Fighter on Apr 27, 2023.
             Slain by a gnoll sergeant
             ... wielding a +2 spear of distortion
              (10 damage)
             ... on level 5 of the Dungeon.
             The game lasted 00:04:03 (3072 turns).

funkygono the Chopper (Minotaur Fighter)            Turns: 3072, Time: 00:04:03

Health: -2/61      AC: 14    Str: 22    XL:     7   Next: 40%
Magic:  6/6        EV:  6    Int:  5    God:
Gold:   198        SH:  5    Dex: 10    Spells: 6/6 levels left

rFire   . . .        a - +2 war axe
rCold   . . .        c - +0 buckler
rNeg    . . .        g - +0 plate armour
rPois   .            (helmet restricted)
rElec   .            (no cloak)
rCorr   .            f - +0 pair of gloves
SInv    .            n - +0 pair of boots
Will    .....        (no amulet) Stlth
                     (no ring)
HPRegen 0.30/turn    (no ring)
MPRegen 0.10/turn

%: no passive effects
@: no status effects
A: horns 2, retaliatory headbutt
a: no special abilities


You were on level 5 of the Dungeon.
You visited 1 branch of the dungeon, and saw 5 of its levels.

You collected 198 gold pieces.

Inventory:

Hand Weapons
 a - a +2 war axe (weapon)
Missiles
 e - 4 poisoned darts
 h - 6 boomerangs (quivered)
Armour
 c - a +0 buckler (worn)
 f - a +0 pair of gloves (worn)
 g - a +0 plate armour (worn)
 n - a +0 pair of boots (worn)
Scrolls
 b - a scroll of fear {unknown}
 k - a scroll of blinking
 m - 2 scrolls of teleportation
Potions
 d - 2 potions of might
 i - 2 potions of heal wounds
 j - a potion of lignification {unknown}
 o - 2 potions of flight {unknown}
 p - a potion of berserk rage {unknown}


   Skills:
 + Level 5.2 Fighting
 + Level 7.3 Axes
 + Level 5.4 Armour
 + Level 1.1 Dodging
 + Level 0.2 Stealth
 + Level 5.2 Shields


You had 6 spell levels left.
You didn't know any spells.
Your spell library was empty.

Dungeon Overview and Level Annotations

Branches:
Dungeon (5/15)
 Temple: D:4-7

Altars:
Gozag
Makhleb
Qazlal
Wu Jian


Innate Abilities, Weirdness & Mutations

You have a pair of horns on your head.
You reflexively headbutt those who attack you in melee.


Message History

You struggle against the net.
The gnoll bouda barks out a call to the hunt!
The gnoll hits you from afar with a +0 spear!
A gnoll comes into view. It is wielding a +0 spear.
You hear a shout!
You struggle against the net.
The gnoll barely misses you.
You shred the net and break free!
The gnoll throws a throwing net.
The throwing net hits you.
You become entangled in the net!
You tear a large gash into the net.
The gnoll hits you but does no damage.
You struggle against the net.
A gnoll comes into view. It is wielding a +0 club.
The gnoll hits you but does no damage.
Unknown command.
You struggle against the net.
A gnoll comes into view. It is wielding a +0 spear.
You rip the net and break free!
You see here a +0 flail.
The gnoll sergeant is no longer moving quickly.
The gnoll bouda barks out a call to the hunt!
The gnolls pick up the pace!
The gnoll bouda barks out a call to the hunt!
The gnoll sergeant completely misses you.
The gnoll is no longer moving quickly.
The gnoll sergeant hits you from afar with a +2 spear of distortion.
Space warps around you.
* * * LOW HITPOINT WARNING * * *
The gnoll sergeant hits you but does no damage.
Space warps horribly around you!
* * * LOW HITPOINT WARNING * * *
The gnoll is no longer moving quickly.
There is a stone staircase leading up here.
The gnoll sergeant hits you but does no damage.
You blink.
You can't go up here!
There are monsters nearby!
You can't go up here!
There are monsters nearby!
The gnoll sergeant hits you but does no damage.
Space warps horribly around you!
You die...

..................#.##
.........).......####
...#...#.)))..>...#
.........#†......##
.........#...g...###
...........##..g...##
......##...#..gg....#
...#..#...###.<.....#
.. #............@..##
. ###.........#####
###........ ###.......
#.##...## ## #..##
####


You could see a gnoll sergeant (swift) and 3 gnolls.

Vanquished Creatures
  A black bear (D:4)
  3 scorpions
  A jelly (D:4)
  An orc priest (D:4)
  A sleepcap (D:4)
  A hound (D:4)
  Jessica (D:3)
  2 iguanas (D:4)
  An orc wizard (D:5)
  4 adders
  11 gnolls
  2 dart slugs
  9 orcs
  7 endoplasms
  4 giant cockroaches
  5 goblins
  12 hobgoblins
  4 ball pythons
  4 bats
  3 frilled lizards
  8 kobolds
  7 rats
92 creatures vanquished.

Notes
Turn   | Place    | Note
-------+----------+-------------------------------------------
     0 | D:1      | funkygono the Minotaur Fighter began the quest for the Orb.
     0 | D:1      | Reached XP level 1. HP: 19/19 MP: 0/0
   330 | D:1      | Reached XP level 2. HP: 23/27 MP: 1/1
   711 | D:2      | Reached skill level 3 in Axes
   714 | D:2      | Reached XP level 3. HP: 25/33 MP: 2/2
  1294 | D:3      | Reached XP level 4. HP: 40/40 MP: 3/3
  1678 | D:3      | Reached skill level 4 in Axes
  1707 | D:3      | Noticed Jessica
  1713 | D:3      | Killed Jessica
  1935 | D:4      | Reached XP level 5. HP: 47/47 MP: 4/4
  1947 | D:4      | Reached skill level 1 in Dodging
  2120 | D:4      | Reached skill level 5 in Axes
  2195 | D:4      | Noticed a black bear
  2202 | D:4      | Killed a black bear
  2203 | D:4      | Reached XP level 6. HP: 50/53 MP: 5/5
  2430 | D:4      | Reached skill level 6 in Axes
  2470 | D:4      | Found a stormy altar of Qazlal.
  2470 | D:4      | Found an opulent altar of Gozag.
  2673 | D:4      | Found an ornate altar of the Wu Jian Council.
  2679 | D:4      | Found a burning altar of Makhleb.
  2777 | D:4      | Reached skill level 5 in Fighting
  2924 | D:5      | Entered Level 5 of the Dungeon
  2932 | D:5      | Reached skill level 5 in Armour
  2932 | D:5      | Reached XP level 7. HP: 53/61 MP: 6/6
  2971 | D:5      | Reached skill level 7 in Axes
  2971 | D:5      | Reached skill level 5 in Shields
  3072 | D:5      | Slain by a gnoll sergeant

Illustrated notes

Levels and vault maps discovered:
D:1:      lightli_arrival_statue_moat, layout_loops_ring
D:2:      layout_rooms
D:3:      corexii_shack_village, layout_basic, uniq_jessica
D:4:      layout_cave_pods, mainiacjoe_overflow_big_doors,
          nicolae_overflow_two_pavilions
D:5:      layout_cave_pools, nicolae_overflow_hidden_temple, bloody_trog,
          pf_guarded_unrand_woodcutter, uniq_pikel

Skill      XL: |  1  2  3  4  5  6  7 |
---------------+----------------------+-----
Armour         | 4 5 |  5.4
Fighting       | 4 5 |  5.2
Axes           | 3 4 5 6 7 |  7.3
Shields        | 4 5 |  5.2
Dodging        | 1 |  1.1
Stealth        | |  0.2

Action                     |  1- 3 |  4- 6 |  7- 9 || total
---------------------------+-------+-------+-------++-------
  Melee: War axe           |    84 |    75 |    24 ||   183
         Headbutt          |     7 |    15 |     6 ||    28
    Use: Scroll            |       |    10 |       ||    10
 Armour: Scale mail        |    44 |    16 |       ||    60
         Plate armour      |       |    33 |    25 ||    58
  Dodge: Dodged            |    32 |    34 |    13 ||    79
  Block: Buckler           |    25 |    23 |    10 ||    58

Table legend: (Time is in decaauts)
 A = Elapsed time spent in this place.
 B = Non-inter-level travel time spent in this place.
 C = Inter-level travel time spent in this place.
 D = Time resting spent in this place.
 E = Time spent auto-exploring this place.
 F = Levels seen in this place.
 G = Mean time per level.
                   A        B        C        D        E       F      G
               +--------+--------+--------+--------+--------+-----+--------+
         Total |   3126 |   3018 |    108 |      0 |   2399 |   5 |  625.2 |
       Dungeon |   3126 |   3018 |    108 |      0 |   2399 |   5 |  625.2 |
               +--------+--------+--------+--------+--------+-----+--------+

Top non-repeatable levels by time:
     D:4: 1007 daAuts
     D:3: 770 daAuts
     D:1: 721 daAuts
     D:2: 474 daAuts
     D:5: 152 daAuts
